Map: Ruins of Seras

Players

brundlefly

  • Race: Protoss Protoss

Shamanas - Winner!

  • Race: Terran Terran

VOD

Have the link to the VOD?

Description

Time

  • Played on: May 1, 2015, 4:39 a.m.
  • Length: 19:11
Show
View Real Time Build Order
Export as new Build Order

brundlefly Protoss 

Build Orders:  

Get SALT Encoding   

  12  0:01  Probe  
  13  0:14  Pylon  
  13  0:17  Probe  
  14  0:32  Probe (Chrono Boost)  
  15  0:42  Probe (Chrono Boost)  
  16  0:49  Probe  
  17  1:01  Probe (Chrono Boost)  
  18  1:07  Nexus  
  18  1:13  Probe (Chrono Boost)  
  19  1:22  Probe (Chrono Boost)  
  20  1:30  Gateway  
  20  1:31  Probe (Chrono Boost)  
  21  1:33  Assimilator  
  21  1:42  Pylon  
  21  1:43  Probe (Chrono Boost)  
  21  1:46  Assimilator  
  22  2:09  Probe (Chrono Boost)  
  23  2:17  Cybernetics Core  
  23  2:20  Probe (Chrono Boost)  
  24  2:28  Probe  
  24  2:29  Probe  
  26  2:39  Pylon  
  26  2:43  Gateway x2  
  25  2:53  Stalker (Chrono Boost)  
  25  2:59  Warp Gate  
  25  3:16  Probe x2 (Chrono Boost)  
  26  3:22  Stalker  
  26  3:25  Probe (Chrono Boost)  
  26  3:26  Probe (Chrono Boost)  
  30  3:30  Stalker  
  30  3:33  Probe (Chrono Boost)  
  33  3:40  Probe (Chrono Boost)  
  34  3:44  Probe (Chrono Boost)  
  35  3:51  Probe (Chrono Boost)  
  37  3:57  Probe (Chrono Boost)  
  37  4:01  Probe (Chrono Boost)  
  38  4:05  Probe (Chrono Boost)  
  39  4:11  Robotics Facility  
  39  4:13  Stalker x2  
  39  4:14  Pylon  
  39  4:16  Probe  
  44  4:21  Stalker  
  46  4:42  Probe (Chrono Boost)  
  46  4:43  Probe (Chrono Boost)  
  46  4:44  Stalker x2  
  52  4:52  Probe x2 (Chrono Boost)  
  52  5:07  Nexus  
  52  5:10  Pylon  
  52  5:12  Pylon  
  52  5:13  Probe x2 (Chrono Boost), Assimilator  
  54  5:16  Observer  
  54  5:17  Assimilator  
  55  5:23  Probe x2 (Chrono Boost)  
  57  5:30  Probe x2 (Chrono Boost), Robotics Facility  
  59  5:36  Pylon  
  59  5:40  Mothership Core (Chrono Boost)  
  61  5:45  Pylon  
  61  5:50  Forge  
  61  5:52  Observer, Forge  
  62  6:01  Stalker x2  
  62  6:03  Stalker  
  68  6:09  Probe x2 (Chrono Boost)  
  73  6:18  Pylon  
  73  6:19  Probe x2 (Chrono Boost)  
  73  6:26  Gateway  
  73  6:28  Gateway  
  73  6:32  Gateway  
  73  6:34  Observer (Chrono Boost)  
  73  6:36  Protoss Ground Armor Level 1 (Chrono Boost)  
  73  6:39  Probe x3  
  77  6:41  Observer (Chrono Boost)  
  77  6:43  Protoss Ground Weapons Level 1 (Chrono Boost)  
  77  6:51  Probe x3  
  80  6:57  Immortal (Chrono Boost)  
  84  7:03  Probe x2  
  84  7:06  Immortal (Chrono Boost)  
  84  7:08  Probe (Chrono Boost)  
  91  7:14  Photon Cannon  
  93  7:20  Probe (Chrono Boost)  
  93  7:21  Probe x2 (Chrono Boost)  
  94  7:27  Stalker x2, Probe (Chrono Boost)  
  94  7:28  Stalker  
  94  7:29  Probe x2 (Chrono Boost)  
  103  7:50  Immortal (Chrono Boost)  
  107  7:54  Immortal (Chrono Boost)  
  111  7:58  Gateway x2  
  111  8:00  Gateway  
  111  8:01  Stalker  
  111  8:02  Gateway  
  111  8:03  Robotics Bay  
  113  8:06  Pylon  
  113  8:08  Pylon  
  113  8:12  Pylon  
  113  8:13  Assimilator  
  113  8:17  Pylon  
  113  8:19  Assimilator  
  113  8:20  Pylon  
  113  8:38  Stalker, Nexus  
  113  8:39  Stalker x2  
  119  8:42  Assimilator  
  119  8:45  Assimilator  
  119  8:47  Twilight Council  
  119  8:50  Extended Thermal Lance (Chrono Boost)  
  119  8:52  Colossus (Chrono Boost)  
  125  8:56  Colossus (Chrono Boost)  
  131  9:17  Stalker x6  
  139  9:34  Blink (Chrono Boost)  
  139  9:43  Colossus (Chrono Boost)  
  149  9:46  Disruptor (Chrono Boost)  
  149  9:49  Pylon  
  149  9:53  Pylon  
  149  9:55  Pylon  
  150  10:07  Protoss Ground Armor Level 2 (Chrono Boost), Protoss Ground Weapons Level 2 (Chrono Boost)  
  150  10:10  Probe (Chrono Boost)  
  150  10:12  Photon Cannon  
  150  10:13  Stalker x4  
  158  10:15  Photon Cannon  
  158  10:21  Pylon  
  158  10:24  Colossus (Chrono Boost)  
  164  10:29  Pylon  
  164  10:32  Pylon  
  150  10:37  Probe  
  150  10:38  Probe x3  
  152  10:49  Probe (Chrono Boost)  
  153  10:50  Probe x2 (Chrono Boost)  
  153  10:53  Probe (Chrono Boost)  
  156  11:01  Probe x2 (Chrono Boost)  
  156  11:02  Probe (Chrono Boost)  
  160  11:04  Colossus  
  160  11:05  Probe (Chrono Boost)  
  160  11:08  Probe x2 (Chrono Boost)  
  168  11:15  Templar Archives  
  168  11:23  Photon Cannon  
  168  11:25  Photon Cannon  
  168  11:28  Photon Cannon  
  168  11:32  Photon Cannon  
  168  11:37  Photon Cannon  
  168  11:40  Photon Cannon  
  168  12:01  Disruptor  
  168  12:16  Protoss Ground Weapons Level 3 (Chrono Boost), Protoss Ground Armor Level 3 (Chrono Boost)  
  168  12:23  Pylon  
  149  12:46  Stalker x6  
  149  12:47  Stalker x4  
  109  13:03  Colossus x2 (Chrono Boost)  
  117  13:11  Stalker x5  
  117  13:12  Stalker  
  127  13:29  High Templar x3  
  127  13:30  High Templar  
  135  13:37  High Templar x4  
  135  13:38  High Templar x2  
  147  13:49  Archon x4  
  147  13:50  Archon  
  147  13:53  Colossus (Chrono Boost)  
  147  13:54  Colossus (Chrono Boost)  
  159  14:14  Stalker  
  159  14:15  Stalker x5  
  159  14:16  Stalker x3  
  122  14:39  Stalker x3  
  122  14:40  Stalker x3  
  108  14:53  Colossus (Chrono Boost)  
  94  15:28  Nexus  
  94  15:30  Assimilator  
  94  15:34  Assimilator  
  94  15:39  Pylon  
  94  15:40  Stalker x2  
  94  15:41  Stalker x4  
  106  15:55  High Templar x4  
  114  15:59  Archon x2  
  114  16:11  Stalker  
  114  16:12  Stalker x4  
  114  16:17  Protoss Shields Level 1 (Chrono Boost)  
  122  16:27  Pylon  
  122  16:31  Pylon  
  122  16:38  High Templar x2  
  122  16:39  High Templar  
  128  16:44  High Templar  
  128  16:47  Archon  
  130  16:49  Archon  
  130  16:55  Photon Cannon  
  130  16:57  Photon Cannon  
  130  17:01  Photon Cannon  
  130  17:03  Stalker x3  
  130  17:04  Photon Cannon  
  130  17:05  Immortal (Chrono Boost)  
  130  17:07  Zealot  
  138  17:09  Immortal (Chrono Boost)  
  142  17:22  Stalker  
  146  17:41  Immortal (Chrono Boost)  
  152  17:44  Immortal (Chrono Boost)  
  152  17:45  Stalker x2  
  152  17:50  Stalker x3  
  162  18:11  Immortal (Chrono Boost)  
  162  18:16  Immortal (Chrono Boost)  
  170  18:27  Nexus  
  144  18:51  Stalker x3  
  144  18:52  Stalker x4  
  144  18:53  Stalker x2  
  100  19:05  Stalker  
Show
View Real Time Build Order
Export as new Build Order

Shamanas Terran - Winner!

Build Orders: Reaper Expand 

Get SALT Encoding   

  12  0:01  SCV  
  13  0:13  SCV  
  14  0:18  Supply Depot  
  14  0:25  SCV  
  15  0:40  Refinery, Barracks  
  15  0:45  SCV  
  16  0:57  SCV  
  17  1:04  Supply Depot  
  17  1:09  SCV  
  18  1:27  Orbital Command  
  18  1:28  Reaper  
  19  1:53  SCV  
  20  2:03  Command Center  
  20  2:05  SCV  
  21  2:15  Factory  
  21  2:17  SCV  
  21  2:19  Marine  
  23  2:29  SCV  
  24  2:33  Refinery  
  24  2:41  SCV  
  25  2:51  Barracks Reactor  
  25  2:53  SCV  
  25  3:05  SCV  
  26  3:13  Factory Tech Lab  
  26  3:16  Bunker  
  26  3:17  SCV  
  26  3:19  Supply Depot  
  27  3:23  Orbital Command  
  27  3:27  Marine  
  27  3:28  Marine  
  27  3:31  SCV  
  30  3:35  Command Center  
  30  3:39  Cyclone  
  33  3:47  SCV  
  34  3:51  SCV, Missile Turret  
  34  3:54  Marine  
  36  3:58  Missile Turret  
  36  3:59  SCV  
  37  4:03  SCV  
  38  4:11  SCV  
  38  4:15  SCV  
  38  4:16  Cyclone  
  43  4:22  Marine x2  
  43  4:23  SCV  
  46  4:27  SCV  
  47  4:35  SCV  
  47  4:37  Factory  
  48  4:41  SCV  
  51  4:49  SCV  
  51  4:50  Orbital Command  
  50  4:56  Cyclone  
  50  4:57  Factory  
  53  5:04  SCV x2  
  53  5:06  Refinery  
  55  5:07  Refinery  
  55  5:16  SCV x2  
  55  5:19  SCV  
  58  5:22  Factory Reactor  
  58  5:28  SCV x2  
  60  5:29  Cyclone  
  63  5:37  Starport  
  63  5:38  SCV  
  63  5:40  SCV x2  
  63  5:42  Hellion  
  68  5:47  Supply Depot x2  
  68  5:48  Supply Depot  
  68  5:49  Armory  
  68  5:55  Orbital Command  
  68  5:59  Missile Turret  
  68  6:08  Cyclone, Hellion x3  
  68  6:09  Hellion  
  79  6:12  Infernal Pre-Igniter  
  79  6:17  SCV x2  
  81  6:28  SCV  
  81  6:29  SCV  
  81  6:31  Hellion x4  
  91  6:36  Starport Tech Lab  
  91  6:38  Terran Vehicle and Ship Weapons Level 1  
  91  6:39  SCV  
  92  6:40  SCV  
  92  6:43  Refinery x2  
  92  6:47  Supply Depot x2  
  93  6:50  Supply Depot  
  93  6:51  Barracks Tech Lab, Ghost Academy  
  93  7:07  SCV  
  97  7:08  SCV x2, Hellion  
  97  7:09  Starport  
  97  7:11  Starport  
  97  7:14  Hellion x2  
  97  7:15  Hellbat x2  
  105  7:19  SCV  
  105  7:20  SCV  
  103  7:41  Hellion x3, Hellbat  
  103  7:42  Cyclone  
  103  7:43  SCV  
  103  7:44  SCV x2  
  117  7:47  Starport Reactor, Starport Tech Lab  
  117  7:49  Cloaking Field  
  117  7:57  Supply Depot x2  
  117  7:58  Supply Depot  
  117  8:03  Supply Depot  
  117  8:04  Supply Depot  
  117  8:16  Command Center  
  117  8:18  Banshee x2  
  117  8:19  Hellbat x4  
  131  8:28  Cyclone, Viking  
  131  8:29  Viking  
  131  8:33  Fusion Core  
  137  8:47  Hellion x2, Hellbat x2  
  137  8:48  Terran Vehicle and Ship Weapons Level 2  
  145  8:50  Refinery  
  145  8:52  Supply Depot  
  145  8:53  Supply Depot  
  145  8:55  SCV x3, Refinery  
  146  9:01  Banshee, Viking x2  
  155  9:03  Hellion x13  
  155  9:09  Banshee  
  155  9:14  Cyclone, Hellion, Hellbat x2  
  155  9:15  Hellbat  
  157  9:30  Missile Turret  
  141  9:32  SCV x4  
  141  9:33  Engineering Bay  
  145  9:40  Hellion x6  
  145  9:42  Hellbat x4  
  145  9:44  SCV x4  
  145  9:45  Hellion x3  
  157  9:46  Hellbat  
  157  9:47  Banshee, Viking x2  
  157  9:52  Banshee  
  166  9:53  Supply Depot, Starport  
  166  9:56  SCV  
  170  10:12  Hellbat x4  
  170  10:13  Hellbat  
  180  10:16  Planetary Fortress  
  180  10:19  SCV x2, Supply Depot  
  180  10:20  Supply Depot  
  182  10:22  Supply Depot  
  180  10:34  Cyclone, Starport Tech Lab  
  179  10:43  Hyperflight Rotors  
  179  10:44  Banshee  
  179  10:45  Banshee, Viking x2  
  179  10:46  Hellbat x3  
  179  10:47  Hellbat  
  193  11:02  Command Center  
  193  11:03  Command Center  
  193  11:06  Hellbat  
  195  11:25  Barracks  
  195  11:26  Ghost  
  195  11:27  Barracks x2  
  196  11:53  Viking x2  
  200  12:18  Missile Turret x2, Unknown  
  186  12:41  Refinery  
  186  12:42  Viking x3, Refinery  
  186  12:43  Barracks Tech Lab x2  
  176  12:45  Hellbat x3  
  176  12:46  Cyclone, Hellbat  
  176  12:47  Banshee  
  176  12:48  Banshee  
  165  12:52  Planetary Fortress  
  165  12:53  Orbital Command  
  165  12:56  SCV x2  
  165  12:57  SCV  
  145  13:05  Barracks Tech Lab, Ghost x3  
  124  13:08  SCV  
  124  13:10  Hellbat x4  
  140  13:24  SCV  
  138  13:28  Ghost  
  138  13:30  Banshee x2  
  138  13:33  Ghost  
  137  13:38  Starport Tech Lab  
  141  13:41  Siege Tank, Hellbat x3  
  141  13:42  Orbital Command  
  142  13:57  Ghost x3  
  142  13:59  Banshee  
  142  14:02  Ghost  
  153  14:10  SCV x3  
  153  14:13  Banshee  
  156  14:22  Siege Tank, Hellbat x3  
  154  14:25  Ghost  
  154  14:26  Ghost x2  
  151  14:33  SCV  
  151  14:34  SCV x4  
  131  14:46  SCV  
  131  14:47  Hellbat x2  
  131  14:50  Banshee x2  
  132  14:56  Viking  
  132  14:57  Refinery  
  132  14:58  SCV x2  
  132  14:59  SCV, Refinery x2  
  133  15:11  Terran Vehicle and Ship Weapons Level 3  
  133  15:20  Hellbat x2  
  133  15:21  Cyclone, Ghost, Hellbat x2  
  144  15:22  Ghost x2  
  144  15:26  Viking  
  152  15:29  Starport  
  152  15:30  Starport  
  150  15:45  Banshee, Hellbat x4  
  150  15:47  Banshee  
  164  15:57  Ghost x2  
  168  16:16  Cyclone  
  168  16:18  Hellbat x4  
  179  16:25  Banshee  
  182  16:26  Starport Tech Lab x2  
  182  16:28  Banshee  
  185  16:38  Command Center  
  185  16:43  Missile Turret  
  185  16:44  Refinery  
  185  16:45  Ghost x2  
  185  16:46  Missile Turret  
  189  16:47  Refinery  
  189  16:48  Raven x3  
  195  17:08  Viking  
  197  17:11  Viking  
  199  17:23  Command Center  
  199  17:34  Viking  
  199  17:39  Supply Depot x2  
  199  17:40  Supply Depot  
  199  17:42  Supply Depot  
  197  17:51  Planetary Fortress  
  197  18:05  Raven  
  199  18:31  Missile Turret x2  
  199  18:38  Refinery, Missile Turret  
  199  18:39  Refinery  
Tags
 
Add a new tag
Caveats
  • Supply blocks, unpowered buildings, or Contaminate may cause inaccurate times.
  • Supply counts are checked every 10 seconds.